 Dungeon Crawl Stone Soup version 0.16-a0-253-g996e5b4 (webtiles) character file.

56 MrRokkomies the Chiller (level 3, 0/24 HPs)
             Began as a Merfolk Ice Elementalist on Aug 23, 2014.
             Slain by a giant gecko (1 damage)
             ... on Level 2 of the Dungeon.
             The game lasted 00:05:15 (1909 turns).

MrRokkomies the Chiller (Merfolk Ice Elementalist)  Turns: 1909, Time: 00:05:16

HP   0/24        AC  8     Str  9      XL: 3   Next: 97%
MP   5/6         EV 11     Int 14      God:
Gold 98          SH  0     Dex 14      Spells:  2 memorised,  2 levels left

rFire  . . .     SeeInvis .     r - +0 short sword
rCold  . . .     Clarity  .     f - +0 leather armour
rNeg   . . .     rCorr    .     (no shield)
rPois  .         rRot     .     (no helmet)
rElec  .         Spirit   .     (no cloak)
SustAb .         Warding  .     (no gloves)
rMut   .         Stasis   .     (no boots)
Gourm  .                        (no amulet)
MR     .....                    p - ring of wizardry
                                g - ring of wizardry

@: icy armour (expiring), not resistant to hostile enchantments, unstealthy
A: change form in water, swift swim
a: no special abilities


You were on level 2 of the Dungeon.
You were not hungry.

You visited 1 branch of the dungeon, and saw 2 of its levels.

You collected 98 gold pieces.

Inventory:

Hand weapons
 r - a +0 short sword (weapon)
Missiles
 h - a throwing net (quivered)
Armour
 f - a +0 leather armour (worn)
Comestibles
 c - 2 bread rations
 d - a slice of pizza
Scrolls
 a - a scroll of remove curse {unknown}
 e - 8 scrolls of identify {unknown}
 k - a scroll of teleportation {unknown}
 m - a scroll of immolation {unknown}
 o - a scroll of recharging {unknown}
Jewellery
 g - a ring of wizardry (left hand)
 p - a ring of wizardry (right hand)
 q - an uncursed ring of invisibility
Potions
 i - 2 potions of brilliance {unknown}
 j - a potion of restore abilities {unknown}
 l - a potion of lignification {unknown}
Books
 b - a book of Frost

   Spells                             Type                      Level
   *Freeze                            Ice                          1
   Throw Frost                        Conjuration/Ice              2
   *Ozocubu's Armour                  Charms/Ice                   3
   Throw Icicle                       Conjuration/Ice              4
   Summon Ice Beast                   Ice/Summoning                4
   Condensation Shield                Ice                          4


   Skills:
 - Level 2.6 Dodging
 - Level 2.1 Stealth
 - Level 2.0 Spellcasting
   Level 0.7 Conjurations
 * Level 5.2 Ice Magic


You had 2 spell levels left.
You knew the following spells:

 Your Spells              Type           Power        Failure   Level  Hunger
a - Freeze                Ice            ###.         1%          1    ##.....
b - Ozocubu's Armour      Chrm/Ice       #.......     7%          3    ####...


Dungeon Overview and Level Annotations

Branches:
Dungeon (2/15)

Altars:


Message History

You barely miss the gnoll. The gnoll hits you with a spear.
The kobold hits you.
You closely miss the gnoll. The gnoll hits you with a spear.
The kobold barely misses you. The gnoll hits you with a spear!
* * * LOW HITPOINT WARNING * * *
A gnoll comes into view.
You hit the gnoll but do no damage. The kobold hits you but does no damage.
The gnoll hits you with a spear.
* * * LOW HITPOINT WARNING * * *
You barely miss the gnoll. The giant gecko misses you.
The kobold hits you but does no damage. The gnoll hits you but does no damage.
A gnoll comes into view. It is wielding a spear.
Your icy armour starts to melt.
The gnoll shouts!
The gnoll hits you from afar with a spear.
* * * LOW HITPOINT WARNING * * *
You see here a throwing net.
h - a throwing net The giant gecko bites you.
You die...

#......#.###............#
.#......#................#
..............######......#
.....ggg...................#
............................
....... .....########.#.....
.!......###...#....###.######
..........gKl.+......#'#.....
.....######.@.#...........##.
.............#.........<..#.
............#..............
............#..............
........#................#
........).......#.#.#.....
........).......#.#.##...#
...............#....+....
..............##.###...#


You could see 2 gnolls, a giant gecko and a kobold.

Vanquished Creatures
  2 adders (D:2)
  An orc (D:2)
  4 bats
  5 hobgoblins
  9 jackals (D:1)
  A giant cockroach (D:2)
  2 giant geckos (D:1)
  2 giant newts
  4 kobolds
  7 rats
37 creatures vanquished.

Notes
Turn   | Place    | Note
--------------------------------------------------------------
     0 | D:1      | MrRokkomies, the Merfolk Ice Elementalist, began the quest for the Orb.
     0 | D:1      | Reached XP level 1. HP: 13/13 MP: 3/3
   313 | D:1      | Reached XP level 2. HP: 8/19 MP: 1/4
   600 | D:1      | Reached skill level 4 in Ice Magic
  1313 | D:1      | Reached XP level 3. HP: 21/24 MP: 3/6
  1398 | D:2      | Learned a level 3 spell: Ozocubu's Armour
  1488 | D:2      | Reached skill level 5 in Ice Magic
  1908 | D:2      | HP: 1/24 [gnoll/spear (2)]
  1909 | D:2      | Slain by a giant gecko

Action                   || total
-------------------------++-------
Melee: Unarmed           ||   101
       Dagger            ||    44
       Short sword       ||     6
 Cast: Freeze            ||    36
       Ozocubu's Armour  ||     1
 Stab: Sleeping          ||     1
  Eat: Chunk             ||     4
